 Dungeon Crawl Stone Soup version 0.29-a0-284-gf9362112df (webtiles) character file.

Game seed: 10925471051003900811

947 bande the Covered (level 8, 0/48 HPs)
             Began as a Gargoyle Fighter on Mar 27, 2022.
             Slain by a komodo dragon (14 damage)
             ... on level 6 of the Dungeon.
             The game lasted 00:08:26 (6503 turns).

bande the Covered (Gargoyle Fighter)                Turns: 6503, Time: 00:08:27

Health: 0/48       AC: 21    Str: 23    XL:     8   Next: 13%
Magic:  17/17      EV:  6    Int:  9    God:
Gold:   262        SH:  5    Dex: 11    Spells: 7/7 levels left

rFire   + . .      SeeInvis .   x - +2 hand axe (freeze)
rCold   + . .      Faith    .   c - +0 buckler
rNeg    + + .      Spirit   .   r - +0 plate armour
rPois   ∞          Reflect  .   (no helmet)
rElec   +          Harm     .   (no cloak)
rCorr   .          Rampage  .   i - +1 pair of gloves
Will    .....                   z - +0 pair of boots of a wizard's laboratory {rF+ rC+ MP+9 Str+3}
Stlth   ..........              (no amulet)
HPRegen 0.16/turn               p - ring of positive energy
MPRegen 0.15/turn               (no ring)

@: no status effects
A: sickness immunity, AC +5, negative energy resistance 1, electricity
resistance, torment resistance 1, petrification resistance
a: no special abilities


You were on level 6 of the Dungeon.
You visited 1 branch of the dungeon, and saw 6 of its levels.

You collected 262 gold pieces.

Inventory:

Hand Weapons
 a - a +1 war axe
 o - a +0 flail
 x - a +2 hand axe of freezing (weapon)
Armour
 c - a +0 buckler (worn)
 f - a +0 pair of boots of rampaging
 i - a +1 pair of gloves (worn)
 r - a +0 plate armour (worn)
 z - the +0 pair of boots of a wizard's laboratory (worn) {rF+ rC+ MP+9 Str+3}
   (You found it on level 5 of the Dungeon)

   Str:       It affects your strength (+3).
   rF:        It protects you from fire.
   rC:        It protects you from cold.
   MP:        It affects your magic capacity (+9).
Jewellery
 j - a ring of fire
 p - a ring of positive energy (left hand)
 y - a ring of willpower
Wands
 b - a wand of mindburst (13)
Scrolls
 h - 3 scrolls of teleportation
 q - a scroll of fear
 v - a scroll of enchant armour
Potions
 d - 3 potions of might
 e - a potion of brilliance {unknown}
 g - a potion of heal wounds
 k - 3 potions of magic
 l - a potion of curing {unknown}
 m - a potion of cancellation {unknown}
 n - a potion of mutation {unknown}
 s - a potion of haste {unknown}
 t - a potion of resistance {unknown}
 u - 3 potions of flight
 w - a potion of ambrosia {unknown}


   Skills:
 + Level 4.9 Fighting
 + Level 5.7 Axes
 + Level 5.9 Armour
 + Level 4.5 Shields
 * Level 1.7 Evocations


You had 7 spell levels left.
You didn't know any spells.
Your spell library contained the following spells:

 Spells                   Type           Power      Damage    Failure   Level
 Beastly Appendage        Tmut           0%         N/A       100%        1
 Wereblood                Tmut           0%         N/A       100%        2
 Portal Projectile        Hex/Tloc       0%         N/A       100%        3
 Spider Form              Tmut/Pois      0%         N/A       100%        3
 Alistair's Intoxication  Tmut/Pois      0%         N/A       100%        5
 Manifold Assault         Tloc           0%         N/A       100%        5
 Malign Gateway           Summ/Tloc      0%         N/A       100%        7


Dungeon Overview and Level Annotations

Branches:
Dungeon (6/15)
 Temple: D:4-7

Altars:

Shops:
D:1 [[([?   D:3 [


Innate Abilities, Weirdness & Mutations

You are immune to sickness and miasma.
Your stone body is resilient. (AC +5)
You are immune to poison.
You resist negative energy. (rN+)
You are resistant to electric shocks. (rElec)
You are resistant to unholy torment.
You are immune to petrification.


Message History

You are too injured to fight recklessly!
You are too injured to fight recklessly!
You hit the komodo dragon but do no damage.
The komodo dragon is moderately wounded.
The komodo dragon is no longer moving slowly.
You closely miss the komodo dragon.
The komodo dragon is moderately wounded.
The komodo dragon bites you.
You hit the komodo dragon but do no damage.
The komodo dragon is moderately wounded.
The komodo dragon barely misses you.
You hit the komodo dragon but do no damage.
The komodo dragon is moderately wounded.
The komodo dragon bites you!
* * * LOW HITPOINT WARNING * * *
You barely miss the komodo dragon.
The komodo dragon is moderately wounded.
You block the komodo dragon's attack.
The komodo dragon bites you but does no damage.
You hit the komodo dragon.
The komodo dragon seems to slow down.
You freeze the komodo dragon.
The komodo dragon is heavily wounded.
You closely miss the komodo dragon.
The komodo dragon is heavily wounded.
The komodo dragon is no longer moving slowly.
The komodo dragon bites you but does no damage.
You feel much better.
The komodo dragon bites you but does no damage.
You barely miss the komodo dragon.
The komodo dragon is heavily wounded.
The komodo dragon bites you!!
* * * LOW HITPOINT WARNING * * *
You hit the komodo dragon but do no damage.
The komodo dragon is heavily wounded.
The komodo dragon bites you but does no damage.
You hit the komodo dragon.
The komodo dragon seems to slow down.
You freeze the komodo dragon.
The komodo dragon is heavily wounded.
The komodo dragon bites you!
You die...

###..# ..#..#
#.#..# #.#..#
#.#..#
###.#..####.#
#.##...<.......#
#......######..#
####..@....... #
#.#l######.
#.... .....#
#####.# .# .# !#


You could see a komodo dragon (slow).

Vanquished Creatures
  A sky beast (D:5)
  A black bear (D:4)
  A centaur (D:5)
  3 necrophages
  A scorpion (D:5)
  A gnoll sergeant (D:3)
  A hound (D:4)
  2 orc priests
  2 iguanas
  Ijyb (D:3)
  An orc wizard (D:5)
  3 adders
  6 gnolls
  An ufetubus (D:4)
  4 worms
  3 dart slugs
  7 orcs
  5 ball pythons
  9 endoplasms
  3 giant cockroaches
  6 goblins
  4 hobgoblins (D:1)
  5 jackals
  7 kobolds
  3 quokkas
  4 bats
  3 frilled lizards
  5 rats
93 creatures vanquished.

Notes
Turn   | Place    | Note
-------+----------+-------------------------------------------
     0 | D:1      | bande the Gargoyle Fighter began the quest for the Orb.
     0 | D:1      | Reached XP level 1. HP: 14/14 MP: 1/1
    46 | D:1      | Found Qanikeku's Magic Scroll Emporium.
    79 | D:1      | Found Egewaoga's Antique Armour Shoppe.
    92 | D:1      | Reached XP level 2. HP: 12/19 MP: 2/2
   214 | D:1      | Found Plog's Weapon Emporium.
   350 | D:1      | Found Cauqodat's Armour Emporium.
   446 | D:1      | Found Deempeyva's Armour Shop.
   562 | D:1      | Reached XP level 3. HP: 23/23 MP: 3/3
  1055 | D:2      | Found a faded altar of an unknown god.
  1816 | D:4      | Reached XP level 4. HP: 9/29 MP: 4/4
  2278 | D:4      | Noticed a black bear
  2296 | D:4      | Killed a black bear
  2297 | D:4      | Reached XP level 5. HP: 24/33 MP: 5/5
  2511 | D:4      | Reached XP level 6. HP: 29/38 MP: 6/6
  2740 | D:3      | Found Neynus's Antique Armour Boutique.
  2860 | D:3      | Noticed Ijyb
  2877 | D:3      | Killed Ijyb
  3290 | D:3      | Identified the +1 leather armour "Oroups" {Int+2}
  3553 | D:3      | Reached XP level 7. HP: 28/44 MP: 7/7
  4008 | D:3      | Reached skill level 5 in Armour
  4809 | D:5      | Entered Level 5 of the Dungeon
  4831 | D:5      | Reached skill level 5 in Axes
  5147 | D:5      | Reached skill level 1 in Evocations
  5152 | D:5      | Got Oponneal's Tome of Ethics
  5623 | D:5      | Identified the +0 pair of boots of a wizard's laboratory
                  | {rF+ rC+ MP+9 Str+3}
  5763 | D:5      | Reached XP level 8. HP: 23/48 MP: 8/8
  6487 | D:6      | Noticed a komodo dragon
  6503 | D:6      | Slain by a komodo dragon

Illustrated notes

Levels and vault maps discovered:
D:1:      amcnicky_arrival_underground_garden, layout_rooms, serial_shops, shop,
          shop, shop_statue, shop, nicolae_shop_behind_doors,
          minmay_door_square, dk_noncrumbling_3
D:2:      layout_rooms, ebering_ecumenical_altar_rust
D:3:      layout_basic, serial_shops, shop, uniq_ijyb
D:4:      layout_basic, minmay_misc_feat_room
D:5:      layout_cave_pods, minmay_a_box_with_orc_wizards_in_it
D:6:      layout_loops_ring, nicolae_ossuary_entry_plus, gammafunk_ghost_split

Skill      XL: |  1  2  3  4  5  6  7 |
---------------+----------------------+-----
Axes           | 2 3 4 5 |  5.7
Fighting       | 4 |  4.9
Armour         | 4 5 |  5.9
Shields        | 4 |  4.5
Evocations     | 1 |  1.7

Action                   |  1- 3 |  4- 6 |  7- 9 || total
-------------------------+-------+-------+-------++-------
Melee: War axe           |   113 |   104 |    66 ||   283
       Hand axe          |       |       |    49 ||    49
  Use: Scroll            |     4 |     5 |     5 ||    14
       Potion            |       |       |     1 ||     1
Armor: Scale mail        |    49 |    52 |       ||   101
       Plate armour      |       |    24 |    95 ||   119
Dodge: Dodged            |    44 |    43 |    21 ||   108
Block: Buckler           |    32 |    27 |    23 ||    82

Table legend: (Time is in decaauts)
 A = Elapsed time spent in this place.
 B = Non-inter-level travel time spent in this place.
 C = Inter-level travel time spent in this place.
 D = Time resting spent in this place.
 E = Time spent auto-exploring this place.
 F = Levels seen in this place.
 G = Mean time per level.
                   A        B        C        D        E       F      G
               +--------+--------+--------+--------+--------+-----+--------+
         Total |   6613 |   6417 |    196 |   1930 |   3571 |   6 | 1102.2 |
       Dungeon |   6613 |   6417 |    196 |   1930 |   3571 |   6 | 1102.2 |
               +--------+--------+--------+--------+--------+-----+--------+

Top non-repeatable levels by time:
     D:5: 1686 daAuts
     D:2: 1589 daAuts
     D:4: 1528 daAuts
     D:3: 1038 daAuts
     D:1: 750 daAuts
     D:6: 20 daAuts
